 Dungeon Crawl Stone Soup version 0.29.1-2-gbd0b4ee654 (webtiles) character file.

Game seed: 6457679113253345933

219 GeoRichter the Charlatan (level 5, -11/40 HPs)
             Began as a Demonspawn Artificer on Nov 10, 2022.
             Mangled by Duvessa
             ... wielding a +0 short sword of protection
              (13 damage)
             ... on level 3 of the Dungeon.
             The game lasted 00:07:16 (3825 turns).

GeoRichter the Charlatan (Demonspawn Artificer)     Turns: 3825, Time: 00:07:17

Health: -11/40     AC:  5    Str: 12    XL:     5   Next: 63%
Magic:  8/8        EV: 15    Int: 15    God:
Gold:   165        SH:  0    Dex: 13    Spells: 8/8 levels left

rFire   . . .      SeeInvis .   w - staff of poison
rCold   . . .      Faith    .   (no shield)
rNeg    . . .      Spirit   .   p - +0 ring mail
rPois   +          Reflect  .   (no helmet)
rElec   .          Harm     .   (no cloak)
rCorr   .          Rampage  .   (no gloves)
Will    .....                   (no boots)
Stlth   +.........              (no amulet)
HPRegen 0.13/turn               m - ring of flight
MPRegen 0.11/turn               (no ring)

@: agile, flying, hasted, very quick
A: powered by pain 1, weakness stinger 2
a: no special abilities


You were on level 3 of the Dungeon.
You visited 1 branch of the dungeon, and saw 4 of its levels.

You collected 165 gold pieces.

Inventory:

Hand Weapons
 i - a +0 hand axe
   (You found it on level 1 of the Dungeon)
Missiles
 n - 6 javelins
 t - 2 curare-tipped darts {!f}
Armour
 b - a +0 leather armour
 p - a +0 ring mail (worn)
   (You found it on level 1 of the Dungeon)
Magical Staves
 w - a staff of poison (weapon)
   (You found it on level 2 of the Dungeon)
Jewellery
 m - a ring of flight (left hand)
   (You found it on level 1 of the Dungeon)
Wands
 c - a wand of flame (3) (quivered)
 d - a wand of charming (11)
 e - a wand of iceblast (1)
Scrolls
 h - a scroll of blinking {unknown}
 k - a scroll of magic mapping
 o - a scroll of acquirement {unknown}
 r - a scroll of brand weapon
 v - a scroll of enchant weapon
 x - a scroll of teleportation {unknown}
Potions
 a - 2 potions of degeneration {unknown}
 f - a potion of berserk rage {unknown}
 j - a potion of curing {@q1}
 q - a potion of magic {unknown}
 s - 2 potions of attraction {unknown}
 u - a potion of flight {unknown}


   Skills:
 - Level 2.9 Fighting
 - Level 1.7 Armour
 - Level 0.8 Dodging
 - Level 0.8 Stealth
 + Level 2.2 Spellcasting
 - Level 5.0 Evocations


You had 8 spell levels left.
You didn't know any spells.
Your spell library contained the following spells:

 Spells                   Type           Power      Damage    Failure   Level
 Shock                    Conj/Air       4%         1d3       43%         1
 Call Canine Familiar     Summ           1%         N/A       82%         3
 Portal Projectile        Hex/Tloc       2%         N/A       82%         3
 Swiftness                Air            1%         N/A       82%         3
 Airstrike                Air            0%         2d(1-17)  99%         4
 Leda's Liquefaction      Hex/Erth       0%         N/A       99%         4


Dungeon Overview and Level Annotations

Branches:
Dungeon (4/15) Zot: 20136
 Temple: D:4-7

Altars:

Annotations:
D:3 2 transporters, Duvessa; elgoggo's ghost, amateur DrMo


Innate Abilities, Weirdness & Mutations

You sometimes gain a little power by taking damage.
You have a tail ending in a sharp stinger.


Message History

Level annotation: 2 transporters, elgoggo's ghost, amateur DrMo The hobgoblin shouts!
The jackal barks!
There is a stone staircase leading down here.
What are your orders? t - Shout!
Orders for allies: a - Attack new target. r - Retreat! s - Stop attacking. g - Guard the area. f - Follow me.
Anything else - Cancel.
Guard this area!
There is a stone staircase leading down here.
You can't go up here!
You fly downwards.
There is a stone staircase leading up here.
You fly upwards.
Level annotation: 2 transporters, elgoggo's ghost, amateur DrMo
There is a stone staircase leading down here.
Okay, then.
Okay, then.
As you read the scroll labelled AMATHR KUHOTEZ, it crumbles to dust.
It is a scroll of identify.
r - a scroll of brand weapon
As you read the scroll of identify {@r1}, it crumbles to dust.
k - a scroll of magic mapping
As you read the scroll of identify {@r1}, it crumbles to dust.
v - a scroll of enchant weapon
Okay, then.
You feel yourself speed up.
Duvessa rages.
The mass of ice explodes!
The iceblast engulfs Duvessa!
Duvessa is no longer charmed.
Duvessa hits you with a +0 short sword of protection.
You barely miss Duvessa. Duvessa barely misses you.
You hit Duvessa.
Your tail-slap misses Duvessa.
Duvessa closely misses you.
You barely miss Duvessa.
Duvessa hits you with a +0 short sword of protection!
* * * LOW HITPOINT WARNING * * *
You barely miss Duvessa. Duvessa barely misses you. x2
You closely miss Duvessa. Duvessa closely misses you.
You barely miss Duvessa. Duvessa completely misses you.
Duvessa hits you with a +0 short sword of protection.
* * * LOW HITPOINT WARNING * * *
Duvessa attacks as you move away!
Duvessa hits you with a +0 short sword of protection!
* * * LOW HITPOINT WARNING * * *
You focus on the pain.
You feel more agile all of a sudden. Duvessa attacks as you move away!
Duvessa hits you with a +0 short sword of protection!
You die...

.............#.#####
###########.....## ###
.........##......# ##..
..........#......# ###...
#######...#..###.# #...#.
.....©##..#..# #.# #.#...
##g##.8#..#..###.###########)##.#
##.##..#..#..##..............##.#
.......#..#..##.@##############.#
..©....#©....##.e# #.#
.......#.....##>.##### ##.#
##.##.h#..#..##......#########...
##.##.8#..#......................
.....g##..#.########.#########...
#######...#.## #.# #....
..........>#.## #.# #.#.#
..........###.# #.# #.#.#


You could see Duvessa (berserk).

Vanquished Creatures
  Dowan (D:4)
  Natasha (D:2)
  3 gnolls
  4 adders
  2 dart slugs
  An orc (D:4)
  4 endoplasms
  3 giant cockroaches
  7 goblins
  12 hobgoblins
  6 quokkas
  7 ball pythons
  7 bats
  2 frilled lizards
  8 kobolds
  4 rats
72 creatures vanquished.

Vanquished Creatures (others)
  A plant (D:1)
1 creature vanquished.

Grand Total: 73 creatures vanquished

Notes
Turn   | Place    | Note
-------+----------+-------------------------------------------
     0 | D:1      | GeoRichter the Demonspawn Artificer began the quest for the
                  | Orb.
     0 | D:1      | Reached XP level 1. HP: 15/15 MP: 1/1
   176 | D:1      | Gained mutation: You have a small tail. [demonic ancestry]
   176 | D:1      | Reached XP level 2. HP: 12/21 MP: 2/2
   973 | D:1      | Found a faded altar of an unknown god.
  1341 | D:2      | Gained mutation: You sometimes gain a little power by
                  | taking damage. [demonic ancestry]
  1341 | D:2      | Reached XP level 3. HP: 24/27 MP: 3/3
  1358 | D:1      | Reached skill level 4 in Evocations
  1977 | D:2      | Gained mutation: You have a tail ending in a sharp stinger.
                  | [demonic ancestry]
  1977 | D:2      | Reached XP level 4. HP: 29/33 MP: 4/4
  2430 | D:2      | Noticed Natasha
  2449 | D:2      | Killed Natasha
  2844 | D:3      | Reached skill level 5 in Evocations
  2844 | D:3      | Reached XP level 5. HP: 37/40 MP: 5/5
  3167 | D:3      | Found a transporter.
  3167 | D:3      | Noticed elgoggo's ghost (amateur DrMo)
  3168 | D:3      | Found a transporter.
  3176 | D:3      | Reached skill level 1 in Spellcasting
  3643 | D:4      | Noticed Dowan
  3665 | D:4      | Killed Dowan
  3780 | D:4      | Noticed Duvessa
  3824 | D:3      | HP: 1/40 [Duvessa/+0 short sword of protection (11)]
  3825 | D:3      | Mangled by Duvessa

Illustrated notes

Levels and vault maps discovered:
D:1:      mushboom_english_gardens, layout_basic, ebering_ecumenical_altar_hall,
          serial_bayou_lake_a
D:2:      layout_basic, minmay_box_of_dots, uniq_natasha
D:3:      layout_loops_ring, gammafunk_ghost_arena, solitary_fountain
D:4:      layout_basic, minmay_manual_mess, uniq_duvessa

Skill      XL: |  1  2  3  4  5 |
---------------+----------------+-----
Evocations     | 4 5 |  5.0
Fighting       | 2 |  2.9
Spellcasting   | 2 |  2.2
Armour         | |  1.7
Dodging        | |  0.8
Stealth        | |  0.8

Action                   |  1- 3 |  4- 6 || total
-------------------------+-------+-------++-------
Melee: Hand axe          |   103 |    42 ||   145
       Club              |     5 |       ||     5
       Tailslap          |    10 |    14 ||    24
       Staff             |       |    85 ||    85
Evoke: Wand              |    11 |     9 ||    20
  Use: Potion            |       |     3 ||     3
       Scroll            |       |     3 ||     3
 Stab: Sleeping          |     1 |       ||     1
Armor: Leather armour    |    12 |       ||    12
       Ring mail         |    33 |    45 ||    78
Dodge: Dodged            |    58 |    76 ||   134
